 Dungeon Crawl Stone Soup version 0.20.1-1-g8b1a95d (webtiles) character file.

144 Monsterracer the Insei (level 5, -2/37 HPs)
             Began as a Barachi Transmuter on Oct 23, 2017.
             Killed by divine providence
             ... invoked by an orc priest
              (11 damage)
             ... on level 3 of the Dungeon.
             The game lasted 00:03:10 (2630 turns).

Monsterracer the Insei (Barachi Transmuter)         Turns: 2630, Time: 00:03:10

Health: -2/37      AC:  2    Str: 12    XL:     5   Next: 26%
Magic:  1/8        EV: 20    Int: 13    God:
Gold:   60         SH:  0    Dex: 18    Spells: 2/8 levels left

rFire    . . .     SeeInvis .     - Unarmed
rCold    . . .     Gourm    .   (shield currently unavailable)
rNeg     . . .     Faith    .   (armour currently unavailable)
rPois    x         Spirit   .   (helmet currently unavailable)
rElec    .         Reflect  .   (cloak currently unavailable)
rCorr    .         Harm     .   (gloves currently unavailable)
MR       .....                  (boots currently unavailable)
Stlth    ++........             (no amulet)
Regen    0.2/turn               (no ring)
MPRegen  0.2/turn               (no ring)

@: spider-form
A: +LOS, swims
a: End Transformation


You were on level 3 of the Dungeon.
You were near starving.
You were a venomous arachnid creature.
You visited 1 branch of the dungeon, and saw 3 of its levels.

You collected 60 gold pieces.

Inventory:

Missiles
 a - 69 arrows
Armour
 b - a +0 robe (melded)
Scrolls
 g - 4 scrolls of identify {unknown}
 i - a scroll of fear {unknown}
 j - 2 scrolls of teleportation {unknown}
 n - 2 scrolls of amnesia {unknown}
 o - a scroll of remove curse {unknown}
 p - 2 scrolls of fog {unknown}
 q - a scroll of blinking {unknown}
 s - a scroll of magic mapping {unknown}
Potions
 e - 4 potions of mutation {unknown}
 h - 2 potions of agility {unknown}
 k - 2 potions of lignification {unknown}
 l - a potion of curing {unknown}
Books
 c - a book of Changes

   Spells                             Type                      Level
   a - Beastly Appendage              Transmutation                1
   b - Sticks to Snakes               Transmutation                2
   c - Spider Form                    Transmutation/Poison         3
   d - Ice Form                       Ice/Transmutation            4
   e - Blade Hands                    Transmutation                5
Comestibles
 d - 4 bread rations
 f - 2 meat rations
 m - a fruit
 r - a royal jelly


   Skills:
 - Level 1.2 Fighting
 - Level 2.1 Dodging
 + Level 5.1 Unarmed Combat
 - Level 2.1 Spellcasting
 + Level 4.2 Transmutations


You had 2 spell levels left.
You knew the following spells:

 Your Spells              Type           Power        Failure   Level  Hunger
a - Beastly Appendage     Tmut           ##....       13%         1    ##.....
b - Sticks to Snakes      Tmut           ##......     19%         2    ###....
c - Spider Form           Tmut/Pois      #.........   52%         3    ####...


Dungeon Overview and Level Annotations

Branches:
Dungeon (3/15)

Altars:
Vehumet


Innate Abilities, Weirdness & Mutations

Shadows flee at your approach. (+LOS)
You can swim through water.
((You cover ground slowly.))
((You can hop short distances.))


Message History

You hit the hobgoblin.
You kill the hobgoblin!
No target in view!
No target in view!
You are feeling very hungry.
s - a scroll labeled IKAMAA EROSHROU
Found a whip.
You see here a whip.
You open the door.
A ball python comes into view.
The ball python hisses angrily.
There is an open door here.
The ball python bites you but does no damage.
The ball python grabs you. The ball python constricts you.
Damage: -2%(-1hp) hp: 98%(36hp)
You punch the ball python!
You kill the ball python!
No target in view!
You open the door.
A kobold and 2 orcs come into view.
The orc shouts!
The kobold shouts!
You hear a shout!
The orc shouts!
You hear a shout!
An orc comes into view. It is wielding a flail.
The orc hits you with a short sword.
An orc priest comes into view. It is wielding a flail.
The orc priest mumbles some strange prayers to Beogh against you.
Beogh smites you!
There is an open door here.
Huge Dmg: -45%(-17hp) hp: 55%(20hp)
Casting: Spider Form
Confirm with . or Enter, or press ? or * to list all spells.
You turn into a venomous arachnid creature.
Your +0 robe melds into your body.
The orc barely misses you.
Your transformation is almost over.
There is an open door here.
Your transformation has ended.
Your +0 robe unmelds from your body.
Casting: Spider Form
Confirm with . or Enter, or press ? or * to list all spells.
You turn into a venomous arachnid creature.
Your +0 robe melds into your body.
The orc barely misses you.
Your transformation is almost over.
You see here a whip.
Your transformation has ended.
Your +0 robe unmelds from your body.
Casting: Spider Form
Confirm with . or Enter, or press ? or * to list all spells.
You turn into a venomous arachnid creature.
Your +0 robe melds into your body.
You are near starving!
You bite the orc!
You kill the orc!
You hit the orc.
The orc is poisoned.
The orc is moderately wounded.
The orc barely misses you.
You hit the orc but do no damage.
The orc is heavily wounded.
You kill the orc!
The kobold throws a stone.
The stone misses you.
Your transformation is almost over.
The kobold throws a stone.
The stone barely misses you. The kobold misses you.
Things that are here:
a short sword; an orc corpse You closely miss the kobold.
The kobold hits you with a club.
Damage: -8%(-3hp) hp: 57%(21hp) Unknown command.
You hit the kobold but do no damage.
The kobold is poisoned.
The kobold hits you with a club.
Damage: -2%(-1hp) hp: 55%(20hp)
You barely miss the kobold. The kobold closely misses you.
You hit the kobold but do no damage.
The kobold looks as sick as possible!
The kobold completely misses you.
You see here a stone.
You kill the kobold!
The orc priest looks satisfied for a moment.
Things that are here:
a short sword; an orc corpse You bite the orc priest!
The orc priest is severely wounded.
Your transformation has ended.
Your +0 robe unmelds from your body.
You barely miss the orc priest.
The orc priest is severely wounded.
The orc priest mumbles some strange prayers to Beogh against you.
Beogh smites you!
* * * LOW HITPOINT WARNING * * *
The orc barely misses you.
Huge Dmg: -33%(-12hp) hp: 22%(8hp)
Casting: Spider Form
Confirm with . or Enter, or press ? or * to list all spells.
You turn into a venomous arachnid creature.
Your +0 robe melds into your body.
* * * LOW MAGIC WARNING * * *
The orc priest completely misses you. The orc closely misses you.
You closely miss the orc priest.
The orc priest is severely wounded.
The orc priest calls down the wrath of Beogh upon you.
Beogh smites you!
You die...

#...##K# #...##.#
## ######o# .# #.#
.# #o##### .#
#.....# ## #.###.#
########## #####o#
#.....#..####..(so#
#.###.#.....#.###.#
#.# #.#...#.#'#####
#.###...........#
.....####.#.....#
#########.#.....#
............)...#
..........#.....#
###########.....#


You could see an orc priest and an orc.

Vanquished Creatures
  Natasha (thrice) (D:2)
  An adder (D:1)
  An ooze (D:1)
  A dart slug (D:1)
  3 worms (D:2)
  A leopard gecko (D:1)
  2 orcs (D:3)
  4 bats
  5 hobgoblins
  5 jackals (D:1)
  7 kobolds
  A quokka (D:3)
  2 ball pythons
  4 frilled lizards
  3 goblins (D:1)
  2 rats
45 creatures vanquished.

Notes
Turn   | Place    | Note
-------+----------+-------------------------------------------
     0 | D:1      | Monsterracer the Barachi Transmuter began the quest for the Orb.
     0 | D:1      | Reached XP level 1. HP: 15/15 MP: 3/3
   118 | D:1      | HP: 5/15 [ooze (3)]
   120 | D:1      | Reached XP level 2. HP: 7/21 MP: 5/5
   126 | D:1      | HP: 4/21 [hobgoblin/club (4)]
   145 | D:1      | Learned a level 2 spell: Sticks to Snakes
   561 | D:1      | HP: 8/21 [goblin/dagger (3)]
   907 | D:1      | Reached XP level 3. HP: 21/26 MP: 6/6
   912 | D:1      | Learned a level 3 spell: Spider Form
  1014 | D:1      | Reached skill level 4 in Unarmed Combat
  1024 | D:1      | HP: 13/26 [jackal (2)]
  1051 | D:1      | HP: 11/26 [dart slug/slug dart (3)]
  1411 | D:2      | Noticed Natasha
  1418 | D:2      | Killed Natasha
  1418 | D:2      | Reached XP level 4. HP: 27/32 MP: 3/7
  1441 | D:2      | Noticed Natasha
  1445 | D:2      | Killed Natasha
  1529 | D:2      | Noticed Natasha
  1534 | D:2      | Killed Natasha
  1534 | D:2      | Reached XP level 5. HP: 26/37 MP: 4/8
  1632 | D:2      | Found a radiant altar of Vehumet.
  1750 | D:2      | Reached skill level 5 in Unarmed Combat
  2628 | D:3      | HP: 8/37 [orc priest/divine providence (12)]
  2630 | D:3      | Killed from afar by an orc priest

Skill      XL: |  1  2  3  4  5 |
---------------+----------------+-----
Transmutations | 3 4 |  4.2
Unarmed Combat | 4 5 |  5.1
Fighting       | |  1.2
Dodging        | |  2.1
Spellcasting   | |  2.1

Action                   |  1- 3 |  4- 6 || total
-------------------------+-------+-------++-------
Melee: Unarmed           |   100 |    60 ||   160
       Kick              |     2 |       ||     2
       Headbutt          |     1 |       ||     1
 Cast: Beastly Appendage |     3 |       ||     3
       Spider Form       |     2 |     8 ||    10
 Abil: Hop               |     2 |       ||     2
 Stab: Sleeping          |       |     1 ||     1
  Eat: Chunk             |     1 |     4 ||     5
       Fruit             |       |     1 ||     1
Armor: Robe              |    18 |     3 ||    21
       Skin              |       |     1 ||     1
Dodge: Dodged            |    63 |    42 ||   105

Vault maps used:
D:1:      dpeg_arrival_stonehenge_8_columns
D:2:      overflow_temple_1_default, uniq_natasha
